MLB
ATLANTA BRAVES @ WASHINGTON NATIONALS
09/15/2019
 
TOP OF THE 1ST
Atlanta Braves batting - Pitching for Washington Nationals : RHP Corey Kluber
Pitching: RHP Corey Kluber
Batting: LHB Mallex Smith 0-0: Called Strike
0-1: Called Strike
0-2: Ball
1-2: Foul Ball, location: 2F
1-2: Foul Ball, location: 2F
1-2: Ball
2-2: Ball
3-2: Foul Ball, location: 2F
3-2: SINGLE (Groundball, 23, EV 66.9 MPH) (infield hit)
Batting: RHB Adeiny Hechavarria 0-0: Ball
Mallex Smith is caught stealing 2nd base 2-4
1-0: Ground out 5-3 (Groundball, 56, EV 105.0 MPH)
Batting: LHB Kole Calhoun 0-0: Ground out 6-3 (Groundball, 4M, EV 106.3 MPH)
Top of the 1st over - 0 runs, 1 hit, 0 errors, 0 left on base; Atlanta 0 - Washington 0
BOTTOM OF THE 1ST
Washington Nationals batting - Pitching for Atlanta Braves : RHP Mike Fiers
Pitching: RHP Mike Fiers
Batting: LHB Adam Eaton 0-0: Fly out, F5 (Line Drive, 5, EV 71.9 MPH)
Batting: LHB Andrew Benintendi 0-0: Ball
1-0: Ball
2-0: Called Strike
2-1: Foul Ball, location: 2F
2-2: Foul Ball, location: 2F
2-2: Strikes out swinging
Batting: RHB Chris Taylor 0-0: Called Strike
0-1: Called Strike
0-2: Ball
1-2: Foul Ball, location: 2F
1-2: Fly out, F9 (Flyball, 9LS, EV 93.8 MPH)
Bottom of the 1st over - 0 runs, 0 hits, 0 errors, 0 left on base; Atlanta 0 - Washington 0
TOP OF THE 2ND
Atlanta Braves batting - Pitching for Washington Nationals : RHP Corey Kluber
Batting: RHB Domingo Santana 0-0: Ball
1-0: Foul Ball, location: 2F
1-1: Foul Ball, location: 2F
1-2: Ball
2-2: Strikes out swinging
Batting: RHB John Ryan Murphy 0-0: Swinging Strike
0-1: Ball
1-1: Ground out 6-3 (Groundball, 6, EV 88.8 MPH)
Batting: LHB Lucas Duda 0-0: Swinging Strike
0-1: Ball
1-1: Swinging Strike
1-2: Ball
2-2: Strikes out looking
Top of the 2nd over - 0 runs, 0 hits, 0 errors, 0 left on base; Atlanta 0 - Washington 0
BOTTOM OF THE 2ND
Washington Nationals batting - Pitching for Atlanta Braves : RHP Mike Fiers
Batting: LHB Yonder Alonso 0-0: Ball
1-0: SOLO HOME RUN (Flyball, 9D, EV 107.5 MPH), Distance : 365 ft
Batting: RHB Yulieski Gurriel 0-0: Foul Ball, location: 2F
0-1: Fly out, F7 (Flyball, 78M, EV 80.6 MPH)
Batting: LHB Joe Panik 0-0: Ground out 4-3 (Groundball, 4, EV 76.9 MPH)
Batting: RHB Austin Barnes 0-0: Foul Ball, location: 2F
0-1: SINGLE (Line Drive, 5D, EV 105.0 MPH)
Batting: LHB Jackie Bradley Jr. 0-0: Ball
1-0: Ball
2-0: Ball
3-0: Base on Balls
Austin Barnes to second
Batting: RHB Corey Kluber 0-0: Fly out, F4 (Line Drive, 4, EV 70.6 MPH)
Bottom of the 2nd over - 1 run, 2 hits, 0 errors, 2 left on base; Atlanta 0 - Washington 1
TOP OF THE 3RD
Atlanta Braves batting - Pitching for Washington Nationals : RHP Corey Kluber
Batting: SHB Juniel Querecuto 0-0: Ball
1-0: Reached on error, E5 (Groundball, 5, EV 106.3 MPH)
Batting: RHB Pat Valaika 0-0: Called Strike
0-1: Foul Ball, location: 2F
0-2: Ball
Juniel Querecuto is caught stealing 2nd base 2-4
1-2: Hit by Pitch
Batting: RHB Mike Fiers 0-0: Called Strike
0-1: Sac Bunt to 13 - play at first, batter OUT! 1-4
Pat Valaika to second
Batting: LHB Mallex Smith 0-0: Swinging Strike
0-1: Swinging Strike
0-2: Strikes out looking
Top of the 3rd over - 0 runs, 0 hits, 1 error, 1 left on base; Atlanta 0 - Washington 1
BOTTOM OF THE 3RD
Washington Nationals batting - Pitching for Atlanta Braves : RHP Mike Fiers
Batting: LHB Adam Eaton 0-0: Bunt for hit to 25 - play at first, batter OUT! 5-3
Batting: LHB Andrew Benintendi 0-0: Called Strike
0-1: Foul Ball, location: 2F
0-2: Ball
1-2: Foul Ball, location: 2F
1-2: Foul Ball, location: 2F
1-2: Fly out, F8 (Flyball, 8LM, EV 78.8 MPH)
Batting: RHB Chris Taylor 0-0: Called Strike
0-1: SINGLE (Groundball, 4MD, EV 102.5 MPH)
Batting: LHB Yonder Alonso 0-0: Foul Ball, location: 2F
0-1: Ball
1-1: Ball
2-1: Called Strike
2-2: Foul Ball, location: 2F
2-2: Ball
3-2: Fly out, F8 (Flyball, 89D, EV 100.0 MPH)
Bottom of the 3rd over - 0 runs, 1 hit, 0 errors, 1 left on base; Atlanta 0 - Washington 1
TOP OF THE 4TH
Atlanta Braves batting - Pitching for Washington Nationals : RHP Corey Kluber
Batting: RHB Adeiny Hechavarria 0-0: Ball
1-0: Called Strike
1-1: Foul Ball, location: 2F
1-2: Strikes out swinging
Batting: LHB Kole Calhoun 0-0: Ball
1-0: Called Strike
1-1: Ball
2-1: Swinging Strike
2-2: Ball
3-2: Fly out, F8 (Flyball, 8RD, EV 101.9 MPH)
Batting: RHB Domingo Santana 0-0: Called Strike
0-1: Ball
1-1: Fly out, F8 (Line Drive, 8RD, EV 91.9 MPH)
Top of the 4th over - 0 runs, 0 hits, 0 errors, 0 left on base; Atlanta 0 - Washington 1
BOTTOM OF THE 4TH
Washington Nationals batting - Pitching for Atlanta Braves : RHP Mike Fiers
Batting: RHB Yulieski Gurriel 0-0: Swinging Strike
0-1: Ball
1-1: Fly out, F8 (Flyball, 8RXD, EV 93.8 MPH)
Batting: LHB Joe Panik 0-0: Ball
1-0: Ball
2-0: Ball
3-0: Foul Ball, location: 2F
3-1: SINGLE (Flyball, 89M, EV 90.6 MPH)
Batting: RHB Austin Barnes 0-0: Ball
1-0: Ball
2-0: Foul Ball, location: 2F
2-1: Foul Ball, location: 2F
2-2: Foul Ball, location: 2F
2-2: Reached on error, E3 (Groundball, 3, EV 90.0 MPH)
Joe Panik to second
Batting: LHB Jackie Bradley Jr. 0-0: SINGLE (Groundball, 4, EV 90.6 MPH) (infield hit)
Joe Panik to third
Austin Barnes to second
Batting: RHB Corey Kluber 0-0: SINGLE (Groundball, 34, EV 100.0 MPH)
Joe Panik scores
Austin Barnes to third
Jackie Bradley Jr. to second
Batting: LHB Adam Eaton 0-0: Called Strike
0-1: Swinging Strike
0-2: Strikes out looking
Batting: LHB Andrew Benintendi 0-0: Ball
1-0: Fly out, F8 (Flyball, 8LD, EV 105.6 MPH)
Bottom of the 4th over - 1 run, 3 hits, 1 error, 3 left on base; Atlanta 0 - Washington 2
TOP OF THE 5TH
Atlanta Braves batting - Pitching for Washington Nationals : RHP Corey Kluber
Batting: RHB John Ryan Murphy 0-0: Foul Ball, location: 2F
0-1: Fly out, F9 (Line Drive, 9, EV 85.0 MPH)
Batting: LHB Lucas Duda 0-0: Ball
1-0: Foul Ball, location: 2F
1-1: Ball
2-1: DOUBLE (Line Drive, 9LS, EV 106.9 MPH)
Batting: SHB Juniel Querecuto 0-0: Ball
1-0: Foul Ball, location: 2F
1-1: Ball
2-1: Ball
3-1: SINGLE (Groundball, 56D, EV 93.8 MPH)
Lucas Duda to third
Batting: RHB Pat Valaika 0-0: Ground out 5-3 (Groundball, 56S, EV 70.0 MPH)
Juniel Querecuto to second
Batting: RHB Mike Fiers 0-0: Ball
1-0: Ball
2-0: Swinging Strike
2-1: SINGLE (Flyball, 78M, EV 88.1 MPH) - OUT at second base trying to stretch hit.
Lucas Duda scores
Juniel Querecuto scores
Top of the 5th over - 2 runs, 3 hits, 0 errors, 0 left on base; Atlanta 2 - Washington 2
BOTTOM OF THE 5TH
Washington Nationals batting - Pitching for Atlanta Braves : RHP Mike Fiers
Batting: RHB Chris Taylor 0-0: Ball
1-0: Reached on error, E6 (Groundball, 6, EV 109.4 MPH)
Batting: LHB Yonder Alonso 0-0: Fielders Choice at 2nd, 1-6 (Groundball, 13, EV 88.1 MPH)
Batting: RHB Yulieski Gurriel 0-0: Called Strike
0-1: Foul Ball, location: 2F
0-2: Ball
1-2: Strikes out swinging
Batting: LHB Joe Panik 0-0: Ball
1-0: Fielders Choice at 2nd, 6-4 (Groundball, 6, EV 85.6 MPH)
Bottom of the 5th over - 0 runs, 0 hits, 1 error, 1 left on base; Atlanta 2 - Washington 2
TOP OF THE 6TH
Atlanta Braves batting - Pitching for Washington Nationals : RHP Corey Kluber
Batting: LHB Mallex Smith 0-0: Ball
1-0: Fly out, F9 (Flyball, 9, EV 95.6 MPH)
Batting: RHB Adeiny Hechavarria 0-0: Swinging Strike
0-1: Ball
1-1: Foul Ball, location: 2F
1-2: Foul Ball, location: 2F
1-2: Ball
2-2: Foul Ball, location: 2F
2-2: Foul Ball, location: 2F
2-2: Strikes out swinging
Batting: LHB Kole Calhoun 0-0: Ball
1-0: Ball
2-0: Ball
3-0: Base on Balls
Batting: RHB Domingo Santana 0-0: Called Strike
0-1: Foul Ball, location: 2F
0-2: Strikes out swinging
Top of the 6th over - 0 runs, 0 hits, 0 errors, 1 left on base; Atlanta 2 - Washington 2
BOTTOM OF THE 6TH
Washington Nationals batting - Pitching for Atlanta Braves : RHP Mike Fiers
Batting: RHB Austin Barnes 0-0: Foul Ball, location: 2F
0-1: Foul Ball, location: 2F
0-2: Ball
1-2: Strikes out looking
Batting: LHB Jackie Bradley Jr. 0-0: Ball
1-0: Foul Ball, location: 2F
1-1: Called Strike
1-2: Foul Ball, location: 2F
1-2: Ball
2-2: Foul Ball, location: 2F
2-2: Strikes out swinging
Batting: RHB Corey Kluber 0-0: SINGLE (Groundball, 4MD, EV 98.8 MPH)
Batting: LHB Adam Eaton 0-0: Ball
1-0: Foul Ball, location: 2F
1-1: Ball
2-1: Fly out, F8 (Line Drive, 8LM, EV 99.4 MPH)
Bottom of the 6th over - 0 runs, 1 hit, 0 errors, 1 left on base; Atlanta 2 - Washington 2
TOP OF THE 7TH
Atlanta Braves batting - Pitching for Washington Nationals : RHP Corey Kluber
Batting: RHB John Ryan Murphy 0-0: Ball
1-0: Called Strike
1-1: Swinging Strike
1-2: SINGLE (Popup, 6MD, EV 64.4 MPH)
Batting: LHB Lucas Duda 0-0: Foul Ball, location: 2F
0-1: Called Strike
0-2: Foul Ball, location: 2F
0-2: Foul Ball, location: 2F
0-2: Ball
1-2: Fly out, F8 (Line Drive, 8LD, EV 97.5 MPH)
Batting: SHB Juniel Querecuto 0-0: Fielders Choice at 2nd, 6-4 (Groundball, 6M, EV 81.3 MPH)
Batting: RHB Pat Valaika 0-0: Ball
Juniel Querecuto steals 2nd base
1-0: Swinging Strike
1-1: Fly out, F7 (Flyball, 7LD, EV 102.5 MPH)
Top of the 7th over - 0 runs, 1 hit, 0 errors, 1 left on base; Atlanta 2 - Washington 2
BOTTOM OF THE 7TH
Washington Nationals batting - Pitching for Atlanta Braves : RHP Mike Fiers
Pitching: LHP Brian Johnson
Batting: LHB Andrew Benintendi 0-0: Ball
1-0: Ground out 6-3 (Groundball, 6MS, EV 71.3 MPH)
Batting: RHB Chris Taylor 0-0: Swinging Strike
0-1: Foul Ball, location: 2F
0-2: Ball
1-2: Foul Ball, location: 2F
1-2: Ball
2-2: Ball
3-2: Base on Balls
Batting: LHB Yonder Alonso 0-0: Foul Ball, location: 2F
0-1: Called Strike
0-2: Ball
1-2: Foul Ball, location: 2F
1-2: SINGLE (Line Drive, 89S, EV 98.1 MPH)
Chris Taylor to second
Runner from 2nd tries for 3rd, SAFE, throw by CF made to third
Batting: RHB Yulieski Gurriel 0-0: SINGLE (Line Drive, 7LS, EV 95.0 MPH)
Chris Taylor scores
Yonder Alonso to second
Batting: LHB Joe Panik 0-0: Foul Ball, location: 2F
0-1: Called Strike
0-2: SINGLE (Groundball, 15S, EV 63.8 MPH) (infield hit)
Yonder Alonso to third
Yulieski Gurriel to second
Batting: RHB Austin Barnes 0-0: Called Strike
0-1: Ball
1-1: Called Strike
1-2: Foul Ball, location: 2F
1-2: Foul Ball, location: 2F
1-2: Foul Ball, location: 2F
1-2: Strikes out swinging
Batting: LHB Jackie Bradley Jr. 0-0: Ball
1-0: GRAND SLAM HOME RUN (Flyball, 9D, EV 100.6 MPH), Distance : 363 ft
Batting: RHB Corey Kluber 0-0: Ground out 4-3 (Groundball, 4, EV 107.5 MPH)
Bottom of the 7th over - 5 runs, 4 hits, 0 errors, 0 left on base; Atlanta 2 - Washington 7
TOP OF THE 8TH
Atlanta Braves batting - Pitching for Washington Nationals : RHP Corey Kluber
Pinch Hitting: SHB Robbie Grossman 0-0: Called Strike
0-1: Ball
1-1: Ball
2-1: Swinging Strike
2-2: Ball
3-2: Base on Balls
Pitching: RHP Nathan Karns
Batting: LHB Mallex Smith 0-0: Fielders Choice at 2nd, 5-4 (Groundball, 5L, EV 77.5 MPH)
Batting: RHB Adeiny Hechavarria 0-0: Foul Ball, location: 2F
0-1: Fly out, F7 (Flyball, 7D, EV 97.5 MPH)
Batting: LHB Kole Calhoun 0-0: Called Strike
0-1: Foul Ball, location: 2F
0-2: SINGLE (Groundball, 3D, EV 101.9 MPH)
Mallex Smith to second
Runner from 2nd tries for 3rd, SAFE, throw by RF made to third
Batting: RHB Domingo Santana 0-0: Ball
1-0: Fly out, F8 (Flyball, 8LM, EV 90.6 MPH)
Top of the 8th over - 0 runs, 1 hit, 0 errors, 2 left on base; Atlanta 2 - Washington 7
BOTTOM OF THE 8TH
Washington Nationals batting - Pitching for Atlanta Braves : LHP Brian Johnson
Pitching: RHP Frankie Montas
Batting: LHB Adam Eaton 0-0: SOLO HOME RUN (Flyball, 7LD, EV 96.9 MPH), Distance : 355 ft
Batting: LHB Andrew Benintendi 0-0: Called Strike
0-1: Ball
1-1: Ball
2-1: Called Strike
2-2: Ground out 1-3 (Groundball, P, EV 81.9 MPH)
Batting: RHB Chris Taylor 0-0: Called Strike
0-1: Ground out 5-3 (Groundball, 5L, EV 93.8 MPH)
Batting: LHB Yonder Alonso 0-0: Ball
1-0: Ball
2-0: Ball
3-0: Called Strike
3-1: Base on Balls
Batting: RHB Yulieski Gurriel 0-0: Called Strike
0-1: Foul Ball, location: 2F
0-2: Ground out 1-3 (Groundball, 13S, EV 72.5 MPH)
Bottom of the 8th over - 1 run, 1 hit, 0 errors, 1 left on base; Atlanta 2 - Washington 8
TOP OF THE 9TH
Atlanta Braves batting - Pitching for Washington Nationals : RHP Nathan Karns
Batting: RHB John Ryan Murphy 0-0: Called Strike
0-1: Foul Ball, location: 2F
0-2: SOLO HOME RUN (Flyball, 78XD, EV 88.1 MPH) (Inside the Park)
Batting: LHB Lucas Duda 0-0: Ball
1-0: Ball
2-0: Fly out, F6 (Popup, 6M, EV 76.9 MPH)
Batting: SHB Juniel Querecuto 0-0: Foul Ball, location: 2F
0-1: Foul Ball, location: 2F
0-2: Ball
1-2: TRIPLE (Line Drive, 78XD, EV 101.9 MPH)
Batting: RHB Pat Valaika 0-0: SINGLE (Line Drive, 6M, EV 95.6 MPH)
Juniel Querecuto scores
Pinch Hitting: LHB Ben Gamel 0-0: Ball
1-0: Called Strike
1-1: Swinging Strike
1-2: Ball
2-2: Foul Ball, location: 2F
2-2: Ball
3-2: Strikes out looking
Batting: LHB Mallex Smith 0-0: Foul Ball, location: 2F
0-1: Ball
1-1: Swinging Strike
1-2: Foul Ball, location: 2F
1-2: Foul Ball, location: 2F
1-2: Foul Ball, location: 2F
1-2: Ball
2-2: Ball
3-2: Foul Ball, location: 2F
3-2: DOUBLE (Flyball, 78D, EV 89.4 MPH)
Pat Valaika to third
Pat Valaika scores
Pitching: RHP Jeremy Jeffress
Now at 3B: Jed Lowrie
Batting: RHB Adeiny Hechavarria 0-0: Ground out 5-3 (Groundball, 56S, EV 87.5 MPH)
Top of the 9th over - 3 runs, 4 hits, 0 errors, 1 left on base; Atlanta 5 - Washington 8
Friday, December 20th, 2019 - OOTP Baseball 20.8 Build 73